AoeStats
← Morris=w=

Nomad

510465621Analyzed
4v4 RM · 23h ago on Oct 1, 2026· 32m 33s· 8 players
Game mode
Random Map
Map size
231×231
Population
200
Speed
Normal
Resources
Standard
Victory
Conquest
Starting age
Dark Age
Ending age
Imperial Age
RankedLock teamsTeams togetherTeam positionsShared explorationLock speedFull tech treeHidden civsTurbo modeCheats
Victory
Defeat
🇺🇸 Sicilians · United States
1885
+7
🇺🇸 Chinese · United States
1616
+17
🇺🇸 Spanish · United States
1593
+18
🇭🇰 Saxons · Hong Kong SAR China
1571
+19
🇨🇳 Mongols · China
1710
-18
🇲🇽 Varangians · Mexico
1639
-15
🇨🇳 Chinese · China
1632
-15
🇲🇽 Vietnamese · Mexico
1607
-13
嗚
13:18 Feudal Age
17:05 Castle Age
15:02 Double-Bit Axe
16:04 Loom
16:33 Gold Mining
16:48 Padded Archer Armor
20:36 Leather Archer Armor
20:36 Bow Saw
23:54 Horse Collar
27:02 Wheelbarrow
30:07 Bloodlines
29:52 Fishing Lines
32:01 Hand Cart
32:27 Husbandry
Bubbagump
11:30 Loom
14:17 Feudal Age
15:00 Town Watch
15:32 Fishing Lines
17:58 Castle Age
15:49 Double-Bit Axe
17:13 Fletching
18:56 Medium Warships
18:42 Bodkin Arrow
19:10 Bow Saw
18:55 Gillnets
21:45 Wheelbarrow
24:09 Horse Collar
24:20 Gold Mining
24:34 Stone Mining
26:59 Heavy Plow
27:36 Padded Archer Armor
28:13 Hand Cart
31:44 Imperial Age
29:48 Scale Mail Armor
30:31 Stone Shaft Mining
30:33 Gold Shaft Mining
31:44 Chain Mail Armor
31:32 Squires
31:17 Arson
32:08 Forging
33:02 Plate Mail Armor
32:06 Elite Serjeant
BomBomB0
2:53 Loom
15:00 Feudal Age
18:34 Castle Age
17:21 Stone Mining
17:39 Double-Bit Axe
18:18 Fishing Lines
19:33 Bow Saw
21:34 Fletching
22:17 Bodkin Arrow
24:47 Gold Mining
25:04 Gillnets
25:51 Padded Archer Armor
27:01 Ballistics
29:23 Wheelbarrow
28:33 Town Watch
30:53 Horse Collar
32:59 Hand Cart
Morris=w=
5:57 Loom
14:27 Feudal Age
14:57 Fishing Lines
15:12 Fishing Lines
16:00 Double-Bit Axe
19:06 Wheelbarrow
20:35 Castle Age
19:31 Forging
19:25 Gold Mining
21:42 Medium Warships
26:00 Horse Collar
26:46 Scale Mail Armor
33:12 Squires
eL| Barry_Allen
5:14 Loom
13:27 Feudal Age
17:18 Castle Age
15:43 Double-Bit Axe
17:38 Bloodlines
18:18 Bow Saw
19:04 Wheelbarrow
20:02 Fletching
eL|Hooligan
11:15 Loom
13:05 Feudal Age
17:15 Castle Age
15:17 Fishing Lines
16:16 Double-Bit Axe
17:02 Town Watch
18:24 Medium Warships
18:05 Gillnets
18:59 Bow Saw
24:17 Clinker Construction
24:36 Careening
25:22 Horse Collar
27:06 Wheelbarrow
32:27 Fletching
YYQ
3:57 Loom
13:02 Feudal Age
17:34 Castle Age
16:01 Stone Mining
16:34 Fishing Lines
18:42 Fletching
18:39 Double-Bit Axe
19:08 Horse Collar
Bz_青红
10:51 Loom
12:39 Feudal Age
16:43 Castle Age
15:43 Double-Bit Axe
15:44 Town Watch
17:08 Fletching
20:15 Bodkin Arrow
27:59 Imperial Age
26:44 Padded Archer Armor
26:59 Bow Saw
28:46 Bracer
29:57 Chemistry
31:38 Padded Archer Armor
32:19 Ballistics
32:39 Leather Archer Armor
Connection lost

Rejoining the realm…

Still unreachable

The connection could not be restored.

Session expired

The server has moved on; the page needs a fresh start.